 Dungeon Crawl Stone Soup version 0.22.1-1-ga44c0e56f4 (webtiles) character file.

2472 LLavrengius the Jinx (level 9, -4/69 HPs)
             Began as a Vampire Enchanter on Nov 8, 2018.
             Was a Follower of Makhleb.
             Shot with an arrow by a centaur (15 damage)
             ... on level 7 of the Dungeon.
             The game lasted 00:29:59 (6892 turns).

LLavrengius the Jinx (Vampire Enchanter)            Turns: 6892, Time: 00:29:59

Health: -4/69      AC: 10    Str:  7    XL:     9   Next: 26%
Magic:  10/12      EV: 13    Int: 17    God:    Makhleb [*.....]
Gold:   340        SH:  0    Dex: 18    Spells: 7/12 levels left

rFire    . . .     SeeInvis +   y - +4 rapier
rCold    + + +     Gourm    .   (no shield)
rNeg     + + +     Faith    .   x - +4 robe of Happy Babbling {rC++}
rPois    ∞         Spirit   .   k - +0 helmet (curse)
rElec    .         Reflect  .   u - +1 cloak
rCorr    .         Harm     .   m - +0 pair of gloves
MR       .....                  (no boots)
Stlth    +++++.....             (no amulet)
HPRegen  0.00/turn              (no ring)
MPRegen  0.13/turn              (no ring)

@: bloodless, non-regenerating
A: fangs 3, see invisible, unbreathing
a: Bat Form, Renounce Religion


You were on level 7 of the Dungeon.
You worshipped Makhleb.
Makhleb was aware of your devotion.
You were bloodless.

You visited 2 branches of the dungeon, and saw 8 of its levels.

You collected 340 gold pieces.

Inventory:

Hand Weapons
 w - a +0 hunting sling
 y - a +4 rapier (weapon)
Missiles
 e - 160 stones (quivered)
 s - a throwing net
 v - 8 javelins
Armour
 k - a cursed +0 helmet (worn)
 m - a +0 pair of gloves (worn)
 u - a +1 cloak (worn)
 x - the +4 robe of Happy Babbling (worn) {rC++}
   (You found it on level 4 of the Dungeon)

   It greatly protects you from cold.
Wands
 a - a wand of digging (13)
 b - a wand of polymorph (14)
 q - a wand of enslavement (16)
 r - a wand of random effects (22)
Scrolls
 c - 5 scrolls of identify {unknown}
 i - 3 scrolls of remove curse
 p - 3 scrolls of teleportation
Potions
 d - 20 potions of blood
 f - a potion of degeneration {unknown}
 g - 4 potions of might {unknown}
 h - 2 potions of curing {unknown}
 j - 4 potions of brilliance {unknown}
 l - a potion of invisibility {unknown}
 o - a potion of haste {unknown}
 t - 3 potions of resistance {unknown}
 z - 4 potions of heal wounds {unknown}
 A - 3 potions of mutation {unknown}
 B - a potion of lignification {unknown}
 D - a potion of flight {unknown}


   Skills:
 + Level 5.9 Fighting
 + Level 7.4 Short Blades
 - Level 2.1 Dodging
 - Level 5.0 Stealth
 - Level 2.0 Spellcasting
 - Level 12.0 Hexes


You had 7 spell levels left.
You knew the following spells:

 Your Spells              Type           Power        Failure   Level  Hunger
b - Ensorcelled Hibernat  Hex/Ice        ###...       2%          2    ###....
c - Confuse               Hex            #####...     1%          3    ###....

Your spell library contained the following spells:

 Spells                   Type           Power        Failure   Level  Hunger
 Corona                   Hex            #####..      1%          1    #......
 Tukima's Dance           Hex            #####...     1%          3    ###....
 Dazzling Spray           Conj/Hex       ###...       4%          3    ###....
 Summon Guardian Golem    Hex/Summ       ###.....     4%          3    ###....
 Summon Small Mammal      Summ           #...         19%         1    #......
 Call Imp                 Summ           #.......     28%         2    ###....
 Sublimation of Blood     Necr           #.........   28%         2    ###....
 Call Canine Familiar     Summ           #.......     50%         3    ###....
 Ignite Poison            Fire/Tmut/Pois #.......     50%         3    ###....
 Petrify                  Tmut/Erth      #.......     88%         4    #####..
 Summon Ice Beast         Ice/Summ       #.......     88%         4    #####..
 Summon Lightning Spire   Summ/Air       #.......     88%         4    #####..
 Alistair's Intoxication  Tmut/Pois      #.......     99%         5    ######.
 Irradiate                Conj/Tmut      #.........   99%         5    ######.


Dungeon Overview and Level Annotations

Branches:
Dungeon (7/15)             Temple (1/1) D:6

Altars:
Ashenzari
Cheibriados
Dithmenos
Elyvilon
Fedhas
Gozag
Hepliaklqana
Kikubaaqudgha
Makhleb
Nemelex Xobeh
Okawaru
Qazlal
Ru
Sif Muna
Trog
Uskayaw
Vehumet
Wu Jian
Xom
Yredelemnul
Zin
The Shining One


Innate Abilities, Weirdness & Mutations

You do not heal naturally.
You are immune to poison.
You have razor-sharp teeth.
You have supernaturally acute eyesight. (SInv)
You can survive without breathing.


Message History

Items here: ) ? [ † a trident; a scale mail; a scroll of random uselessness; an orc corpse You are too injured to fight recklessly!
You see here a pair of gloves.
m - a pair of gloves You start putting on your armour.
You continue putting on your pair of gloves. x4
You finish putting on your +0 pair of gloves.
The centaur is too close now for your liking.
The centaur shouts!
The centaur shoots an arrow.
The arrow closely misses you.
The centaur shoots an arrow.
The arrow barely misses you.
You see here 2 arrows.
You hear the quick creaking of a distant portcullis.
The centaur shoots an arrow.
The arrow hits you.
You see here an arrow.
The centaur shoots an arrow.
The arrow hits you!
* * * LOW HITPOINT WARNING * * *
The centaur shoots an arrow.
The arrow hits you!
You die...

#....)...........
....##.#..########.
5 #.#..# # #.#..#
#.#### #.#..# ....
#(#..# .. #(#..#
#.##### #.#...
)...... #@# #######
#.# # #.c # .... .
####. # #. #. #.


You could see a centaur.

Vanquished Creatures
  A spriggan (D:7)
  A basilisk (D:7)
  A vampire mosquito (D:7)
  Menkaure (D:6)
  An ice beast (D:6)
  2 sky beasts
  A necrophage (D:7)
  2 ogres
  2 phantoms (D:7)
  3 centaurs (D:7)
  Blork the orc (D:4)
  2 bullfrogs
  2 crimson imps
  An orc priest (D:6)
  A bullfrog skeleton (D:6)
  A hound (D:7)
  2 jellies (D:2)
  3 orc wizards (D:6)
  Ijyb (D:3)
  Crazy Yiuf (D:4)
  Natasha (D:2)
  9 worker ants
  A hound skeleton (D:6)
  3 gnolls (D:3)
  2 adders
  2 oozes
  A worm (D:3)
  6 leopard geckos
  19 orcs
  8 giant cockroaches
  4 goblins
  4 hobgoblins
  2 iguanas
  3 jackals (D:3)
  3 quokkas
  4 ball pythons
  5 bats
  8 frilled lizards
  A jackal skeleton (D:4)
  7 kobolds
  A quokka skeleton (D:4)
  7 rats
131 creatures vanquished.

Notes
Turn   | Place    | Note
-------+----------+-------------------------------------------
     0 | D:1      | LLavrengius the Vampire Enchanter began the quest for the
                  | Orb.
     0 | D:1      | Reached XP level 1. HP: 13/13 MP: 3/3
   300 | D:1      | Found a sacrificial altar of Ru.
   535 | D:1      | Reached XP level 2. HP: 18/20 MP: 5/5
   539 | D:1      | Learned a level 2 spell: Ensorcelled Hibernation
  1415 | D:2      | Found an iron altar of Okawaru.
  1437 | D:2      | Reached skill level 1 in Fighting
  1621 | D:2      | Reached skill level 5 in Stealth
  1624 | D:2      | Reached XP level 3. HP: 24/26 MP: 6/6
  1788 | D:2      | Noticed Natasha
  1793 | D:2      | Killed Natasha
  1793 | D:2      | Reached skill level 5 in Hexes
  1798 | D:2      | Learned a level 3 spell: Confuse
  2024 | D:2      | Reached XP level 4. HP: 21/32 MP: 3/7
  2089 | D:2      | Found a shimmering altar of Xom.
  2373 | D:3      | Noticed Ijyb
  2390 | D:3      | Killed Ijyb
  2390 | D:3      | Reached XP level 5. HP: 24/38 MP: 4/8
  2691 | D:3      | Reached skill level 6 in Hexes
  2993 | D:3      | Found a hide-covered altar of Uskayaw.
  3535 | D:4      | Noticed an ogre
  3538 | D:4      | Killed an ogre
  3538 | D:4      | Reached XP level 6. HP: 47/47 MP: 6/9
  3626 | D:4      | Noticed Blork the orc
  3632 | D:4      | Killed Blork the orc
  3632 | D:4      | Reached skill level 7 in Hexes
  3912 | D:4      | Got an ancient robe
  3923 | D:4      | Identified the +4 robe of Happy Babbling {rC++} (You found
                  | it on level 4 of the Dungeon)
  4287 | D:4      | Found a runed door.
  4291 | D:4      | Noticed Crazy Yiuf
  4295 | D:4      | Killed Crazy Yiuf
  4295 | D:4      | Reached XP level 7. HP: 52/52 MP: 10/10
  4339 | D:5      | Entered Level 5 of the Dungeon
  4518 | D:5      | Found a glowing silver altar of Zin.
  5163 | D:6      | Reached skill level 8 in Hexes
  5321 | D:6      | Found a staircase to the Ecumenical Temple.
  5327 | Temple   | Entered the Ecumenical Temple
  5543 | Temple   | Became a worshipper of Makhleb the Destroyer
  5678 | D:6      | Reached skill level 5 in Short Blades
  5796 | D:6      | Reached skill level 9 in Hexes
  5979 | D:6      | Noticed Menkaure
  5989 | D:6      | Killed Menkaure
  5989 | D:6      | Reached XP level 8. HP: 34/61 MP: 1/11
  6283 | D:6      | Found a basalt altar of Yredelemnul.
  6286 | D:6      | Found an opulent altar of Gozag.
  6287 | D:6      | Found a stormy altar of Qazlal.
  6288 | D:6      | Found an ancient bone altar of Kikubaaqudgha.
  6288 | D:6      | Found a bloodstained altar of Trog.
  6288 | D:6      | Found a shadowy altar of Dithmenos.
  6288 | D:6      | Found a white marble altar of Elyvilon.
  6289 | D:6      | Found a hazy altar of Hepliaklqana.
  6290 | D:6      | Found a shattered altar of Ashenzari.
  6393 | D:6      | Reached skill level 10 in Hexes
  6511 | D:7      | Reached skill level 5 in Fighting
  6592 | D:7      | Reached skill level 11 in Hexes
  6643 | D:7      | Reached XP level 9. HP: 68/68 MP: 7/12
  6815 | D:7      | Reached * piety under Makhleb
  6815 | D:7      | Reached skill level 12 in Hexes
  6892 | D:7      | Shot with an arrow by a centaur

Skill      XL: |  1  2  3  4  5  6  7  8  9 |
---------------+----------------------------+-----
Fighting       | 1 2 3 4 5 |  5.9
Stealth        | 5 |  5.0
Short Blades   | 2 3 4 5 6 7 |  7.4
Hexes          | 5 6 7 9 11 12 | 12.0
Dodging        | |  2.1
Spellcasting   | |  2.0

Action                   |  1- 3 |  4- 6 |  7- 9 || total
-------------------------+-------+-------+-------++-------
Melee: Dagger            |   106 |    93 |    19 ||   218
       Bite              |     9 |    10 |    21 ||    40
       Rapier            |       |       |   184 ||   184
 Cast: Ensorcelled Hiber |     6 |    24 |    22 ||    52
       Confuse           |       |     1 |    13 ||    14
  Use: Potion            |       |     4 |     2 ||     6
       Scroll            |       |       |     8 ||     8
 Stab: Sleeping          |    15 |    30 |    20 ||    65
       Confused          |       |     1 |     7 ||     8
       Distracted        |       |       |     1 ||     1
Armor: Robe              |    23 |     8 |    39 ||    70
Dodge: Dodged            |    61 |    56 |   109 ||   226
